AoeStats
← Blyad _Mann

Fortress

510082380Analyzed
4v4 RM · 3d ago on Sep 29, 2026· 47m 32s· 8 players
Game mode
Random Map
Map size
Huge
Population
200
Speed
Normal
Resources
Standard
Victory
Conquest
Starting age
Dark Age
Ending age
Imperial Age
RankedLock teamsTeams togetherTeam positionsShared explorationLock speedFull tech treeHidden civsTurbo modeCheats
Victory
Defeat
🇳🇱 Varangians · Netherlands
924
+14
🇦🇺 Slavs · Australia
908
+15
🇬🇧 Vietnamese · United Kingdom
885
+16
🇷🇴 Franks · Romania
828
+18
🇮🇳 Varangians · India
934
-18
🇨🇳 Khitans · China
873
-15
🇨🇳 Dravidians · China
873
-15
🇨🇱 Maya · Chile
852
-15
悟 GOKU 悟
0:35 Loom
10:42 Feudal Age
12:07 Wheelbarrow
11:53 Double-Bit Axe
12:35 Stone Mining
13:09 Gold Mining
15:24 Castle Age
13:24 Horse Collar
13:58 Fletching
16:49 Hand Cart
17:37 Stone Shaft Mining
17:04 Bodkin Arrow
19:47 Town Watch
25:21 Padded Archer Armor
26:51 Leather Archer Armor
29:44 Bow Saw
29:38 Heavy Plow
30:02 Town Patrol
32:23 Forging
36:16 Imperial Age
33:50 Chatras
36:37 Iron Casting
35:45 Treadmill Crane
36:26 Ballistics
36:46 Elite Rattan Archer
37:48 Paper Money
42:01 Two-Man Saw
41:35 Crop Rotation
41:13 Scale Barding Armor
40:33 Pikeman
41:14 Squires
42:18 Scale Mail Armor
44:10 Chain Mail Armor
43:58 Arson
Blyad _Mann
1:49 Loom
10:55 Feudal Age
15:52 Castle Age
14:26 Double-Bit Axe
14:45 Horse Collar
16:29 Forging
16:19 Scale Mail Armor
19:01 Wheelbarrow
18:43 Bow Saw
18:38 Heavy Plow
21:43 Iron Casting
22:02 Gambesons
22:59 Squires
24:56 Hand Cart
29:14 Imperial Age
27:20 Chain Mail Armor
29:20 Gothikon
29:22 Elite Varangian Guard
31:12 Two-Man Saw
31:59 Blast Furnace
31:29 Plate Mail Armor
31:52 Conscription
33:01 Plate Mail Armor
32:37 Scale Barding Armor
32:39 Cavalier
33:20 Husbandry
33:41 Bloodlines
33:45 Vendel Legacy
35:19 Chain Barding Armor
36:07 Guilds
36:40 Plate Barding Armor
36:56 Arson
AussieHoon
3:33 Loom
8:49 Feudal Age
11:00 Double-Bit Axe
11:35 Bloodlines
13:33 Castle Age
11:31 Horse Collar
13:08 Forging
13:07 Scale Barding Armor
13:19 Bloodlines
18:12 Heavy Plow
19:44 Wheelbarrow
20:01 Squires
22:57 Hand Cart
23:56 Bow Saw
23:18 Man-at-Arms
24:14 Gold Mining
26:40 Iron Casting
26:25 Chain Barding Armor
27:08 Gold Shaft Mining
26:05 Long Swordsman
27:42 Ballistics
28:57 Detinets
28:53 Fletching
30:24 Masonry
30:27 Stone Mining
33:48 Imperial Age
35:42 Imperial Age
33:19 Pikeman
35:02 Scale Mail Armor
35:01 Bodkin Arrow
36:12 Halberdier
38:03 Two-Man Saw
38:06 Chain Mail Armor
38:52 Blast Furnace
38:20 Elite Boyar
39:04 Druzhina
39:38 Plate Mail Armor
40:21 Onager
43:07 Hoardings
44:03 Plate Barding Armor
44:07 Crop Rotation
46:57 Caravan
48:28 Chemistry
roLynxLynx
7:43 Feudal Age
6:57 Loom
8:53 Double-Bit Axe
13:05 Castle Age
13:46 Forging
13:41 Scale Barding Armor
21:39 Wheelbarrow
24:49 Gold Mining
28:43 Imperial Age
26:28 Hand Cart
27:01 Bow Saw
27:06 Husbandry
27:01 Fletching
27:47 Iron Casting
27:32 Chain Barding Armor
27:28 Town Watch
28:37 Chain Barding Armor
28:13 Bodkin Arrow
28:04 Elite Skirmisher
30:46 Ballistics
30:38 Masonry
30:25 Murder Holes
31:42 Imperial Skirmisher
32:03 Cavalier
33:27 Architecture
33:44 Conscription
34:37 Hoardings
35:25 Paladin
37:59 Treadmill Crane
39:21 Chivalry
tin_cup_041
0:28 Loom
9:01 Feudal Age
11:05 Wheelbarrow
15:03 Castle Age
13:29 Double-Bit Axe
13:40 Gold Mining
13:42 Horse Collar
14:43 Gold Mining
15:14 Stone Mining
17:10 Bow Saw
18:05 Padded Archer Armor
17:57 Fletching
18:32 Town Watch
22:43 Leather Archer Armor
25:26 Hand Cart
28:58 Stone Shaft Mining
29:52 Fervor
29:49 Bodkin Arrow
30:29 Town Patrol
35:07 Imperial Age
34:52 Treadmill Crane
35:09 Murder Holes
35:26 Masonry
35:27 Fortified Wall
35:23 Elite Plumed Archer
36:24 Conscription
37:18 Ring Archer Armor
36:48 Bracer
37:07 Pikeman
37:48 Squires
39:10 Hoardings
40:05 Chemistry
39:26 Ballistics
39:19 Halberdier
42:41 Thumb Ring
45:39 Caravan
48:52 Two-Man Saw
Master
7:39 Feudal Age
8:43 Horse Collar
13:09 Castle Age
12:55 Double-Bit Axe
14:49 Bow Saw
14:45 Heavy Plow
14:39 Stone Mining
26:24 Imperial Age
25:10 Wheelbarrow
24:22 Loom
24:23 Town Watch
24:58 Scale Barding Armor
25:04 Forging
25:06 Bloodlines
27:02 Hand Cart
27:12 Chain Barding Armor
27:27 Iron Casting
27:38 Stone Shaft Mining
26:54 Gold Mining
27:57 Crop Rotation
28:31 Conscription
29:40 Town Patrol
30:17 Plate Barding Armor
29:08 Elite Jarl
29:15 Elite Jarl
31:16 Two-Man Saw
31:04 Husbandry
32:05 Blast Furnace
33:20 Scale Mail Armor
32:45 Pikeman
33:25 Squires
33:11 Arson
33:11 Gambesons
34:48 Capped Ram
34:54 Halberdier
37:28 Chain Mail Armor
37:05 Fletching
38:50 Siege Ram
40:54 Treadmill Crane
42:16 Chemistry
咖喱棒
3:47 Loom
8:53 Feudal Age
14:24 Castle Age
12:40 Horse Collar
12:48 Double-Bit Axe
15:14 Forging
16:25 Heavy Plow
16:37 Bow Saw
15:53 Pikeman
16:39 Scale Mail Armor
17:17 Town Watch
19:27 Squires
20:49 Wheelbarrow
30:34 Imperial Age
28:39 Gold Mining
28:41 Stone Mining
29:51 Hand Cart
31:03 Stone Mining
32:35 Iron Casting
32:16 Chain Mail Armor
31:40 Halberdier
34:15 Two-Man Saw
36:40 Thumb Ring
36:09 Elite Elephant Archer
38:05 Ballistics
38:47 Chemistry
37:58 Fortified Wall
38:35 Conscription
40:23 Fletching
40:35 Padded Archer Armor
41:07 Plate Mail Armor
42:52 Bodkin Arrow
43:18 Leather Archer Armor
43:22 Husbandry
44:11 Bracer
45:17 Blast Furnace
44:48 Ring Archer Armor
44:42 Wootz Steel
44:33 Arson
44:31 Elite Skirmisher
44:49 Elite Skirmisher
46:36 Medical Corps
47:06 Masonry
星玖
8:14 Feudal Age
9:57 Loom
13:16 Castle Age
11:19 Double-Bit Axe
11:18 Domestication
17:52 Bow Saw
17:46 Pastoralism
17:58 Gold Mining
19:22 Stone Mining
25:22 Imperial Age
23:39 Wheelbarrow
23:47 Husbandry
24:45 Scale Barding Armor
25:30 Forging
26:38 Hand Cart
27:40 Conscription
27:10 Elite Steppe Lancer
28:49 Iron Casting
29:12 Chain Barding Armor
29:50 Fortified Wall
31:26 Plate Barding Armor
31:46 Ordo Cavalry
34:12 Chemistry
35:18 Ballistics
36:05 Stone Shaft Mining
36:02 Transhumance
36:34 Two-Man Saw
47:30 Siege Engineers
Connection lost

Rejoining the realm…

Still unreachable

The connection could not be restored.

Session expired

The server has moved on; the page needs a fresh start.